 Dungeon Crawl Stone Soup version 0.18.1-50-g88ac8fd (webtiles) character file.

3897 Kirkhe the Cleaver (level 10, 68/77 HPs)
             Began as a Demonspawn Gladiator on Oct 10, 2016.
             Was a Priest of Okawaru.
             Quit the game on level 7 of the Dungeon.
             The game lasted 00:13:48 (6064 turns).

Kirkhe the Cleaver (Demonspawn Gladiator)           Turns: 6064, Time: 00:13:48

Health: 68/77      AC:  8    Str: 24    XL:     10   Next: 0%
Magic:  10/10      EV: 13    Int:  9    God:    Okawaru [***...]
Gold:   480        SH:  6    Dex: 16    Spells: 0 memorised, 9 levels left

rFire  . . .     SeeInvis .     a - +1 war axe
rCold  . . .     Gourm    .     s - +0 leather armour {rN+}
rNeg   + . .     Faith    .     L - +2 buckler
rPois  +         Spirit   .     E - +1 helmet
rElec  .         Dismiss  .     x - +1 cloak
rCorr  .         Reflect  .     (no gloves)
SustAt .         Harm     .     (no boots)
MR     .....                    (no amulet)
Stlth  ++........               n - ring of poison resistance
                                m - +1 ring of evasion

@: mighty, not resistant to hostile enchantments, unstealthy
A: talons 1, thin skeletal structure 1, powered by pain 2, spiny 2
a: Heroism, Renounce Religion


You were on level 7 of the Dungeon.
You worshipped Okawaru.
Okawaru was most pleased with you.
You were not hungry.

You visited 2 branches of the dungeon, and saw 8 of its levels.
You also visited: Ossuary.

You collected 480 gold pieces.

Inventory:

Hand Weapons
 a - a +1 war axe (weapon)
Missiles
 d - 3 throwing nets (quivered)
 C - 16 poisoned needles
Armour
 s - a +0 leather armour of positive energy (worn)
 t - a +2 robe of positive energy
 u - a +0 buckler
 x - a +1 cloak (worn)
 E - a +1 helmet (worn)
 H - a +0 plate armour
 I - a +2 large shield
 L - a +2 buckler (worn)
Jewellery
 m - a +1 ring of evasion (left hand)
 n - a ring of poison resistance (right hand)
Wands
 c - a wand of flame (25/48)
 F - a wand of polymorph (14/24)
Scrolls
 b - a scroll of magic mapping
 g - 3 scrolls of teleportation
 k - 5 scrolls of identify
 l - 3 scrolls of blinking
 w - a scroll of fear
 y - a scroll of fog
 z - 2 scrolls of enchant armour
 A - a scroll of enchant weapon
 G - 4 scrolls of remove curse
Potions
 e - 3 potions of lignification
 f - a potion of haste
 i - 3 potions of brilliance
 p - 3 potions of magic
 r - 5 potions of curing
 v - a potion of resistance
 J - a potion of flight {unknown}
 K - a potion of ambrosia {unknown}
Books
 B - Aqeoblav's Handbook of Feathery Evil
   (You found it on level 5 of the Dungeon)

   Spells                             Type                      Level
   a - Repel Missiles                 Charms/Air                   2
   b - Corpse Rot                     Necromancy                   2
   c - Regeneration                   Charms/Necromancy            3
   d - Agony                          Necromancy                   5
Comestibles
 h - 9 beef jerkies
 j - 3 meat rations
 o - a slice of pizza
 q - 9 fruits
 D - 5 bread rations


   Skills:
 - Level 6.6 Fighting
 + Level 10.9 Axes
 - Level 1.7 Throwing
 + Level 4.8 Armour
 - Level 2.6 Dodging
 * Level 1.0 Shields


You had 9 spell levels left.
You didn't know any spells.

Dungeon Overview and Level Annotations

Branches:
Dungeon (7/15)             Temple (1/1) D:4

Altars:
Cheibriados
Dithmenos
Elyvilon
Fedhas
Gozag
Makhleb
Okawaru
Pakellas
Qazlal
Ru
Sif Muna
Trog
Vehumet
Xom
Yredelemnul
Zin
The Shining One
Lugonu


Innate Abilities, Weirdness & Mutations

You have sharp toenails.
You have a somewhat thin skeletal structure (Dex +2, Stealth).
You sometimes gain power by taking damage.
You are mostly covered in sharp spines.


Message History

You see here a flail.
You slice the jackal!!
You kill the jackal!
Okawaru accepts your kill.
You slash the jackal!
You kill the jackal!
Okawaru accepts your kill. You block the giant gecko's attack.
You see here a jackal corpse.
You slash the giant gecko!
You kill the giant gecko!
Okawaru accepts your kill.
No target in view!
No target in view!
You butcher the jackal corpse.
M - a chunk of flesh Eat a chunk of flesh? (ye/n/q/i?) This raw flesh tastes terrible.
You continue eating. x2
Are you sure you want to abandon this character and quit the game? (Confirm with "yes".)

#.####...#.####
.. ... #.#
##.##.# ... #..
#)# ####.#
...##.. #)## #.#
...P#.. #..# #.#
#...... #..# .#
#...... #.(#
#....†###)†#####
#..@).......#
#.....######.#
##....# ##.#.#
...... #####.##
#.# #..


There were no monsters in sight!

Vanquished Creatures
  Sigmund (D:2)
  Duvessa (D:5)
  4 orc warriors
  4 ice beasts
  A necrophage (D:7)
  2 phantoms
  A black bear (D:7)
  3 ogres
  4 centaurs
  Blork the orc (D:4)
  2 giant frogs (D:7)
  Dowan (D:5)
  3 scorpions
  4 howler monkeys
  2 crimson imps
  5 orc priests
  4 hounds
  A quasit (D:6)
  10 orc wizards
  Crazy Yiuf (D:3)
  Terence (D:3)
  An iguana (D:5)
  Natasha (thrice) (D:3)
  7 worker ants
  2 big kobold zombies (Ossuary)
  A hound skeleton (D:5)
  9 mummies
  A worker ant zombie (D:5)
  4 gnolls (D:7)
  9 adders
  A shadow imp (D:6)
  3 oozes
  4 worms
  A dart slug (D:1)
  4 giant geckos
  39 orcs
  2 ball pythons
  3 giant cockroaches
  A gnoll zombie (Ossuary)
  6 goblins
  6 hobgoblins
  11 jackals
  10 kobolds
  2 quokkas
  4 bats
  5 giant newts
  A jackal skeleton (D:6)
  A kobold zombie (Ossuary)
  4 orc zombies (Ossuary)
  5 rats
206 creatures vanquished.

Notes
Turn   | Place    | Note
--------------------------------------------------------------
     0 | D:1      | Kirkhe the Demonspawn Gladiator began the quest for the Orb.
     0 | D:1      | Reached XP level 1. HP: 16/16 MP: 1/1
   139 | D:1      | Reached skill level 3 in Axes
   252 | D:1      | Gained mutation: You sometimes gain a little power by taking damage. [demonic ancestry]
   252 | D:1      | Reached XP level 2. HP: 22/22 MP: 2/2
   751 | D:2      | Gained mutation: You are partially covered in sharp spines. [demonic ancestry]
   751 | D:2      | Reached XP level 3. HP: 27/27 MP: 3/3
   761 | D:2      | Reached skill level 4 in Axes
  1044 | D:2      | Reached XP level 4. HP: 33/33 MP: 4/4
  1127 | D:2      | Noticed Sigmund
  1136 | D:2      | Killed Sigmund
  1136 | D:2      | Reached skill level 6 in Axes
  1136 | D:2      | Reached XP level 5. HP: 35/38 MP: 5/5
  1575 | D:3      | Gained mutation: You sometimes gain power by taking damage. [demonic ancestry]
  1575 | D:3      | Reached XP level 6. HP: 44/44 MP: 6/6
  1597 | D:3      | Found a radiant altar of Vehumet.
  1599 | D:3      | Found an opulent altar of Gozag.
  1777 | D:3      | Noticed Natasha
  1781 | D:3      | Killed Natasha
  1794 | D:3      | Noticed Crazy Yiuf
  1805 | D:3      | Killed Crazy Yiuf
  1932 | D:3      | Found a deep blue altar of Sif Muna.
  2021 | D:3      | Noticed Terence
  2025 | D:3      | Killed Terence
  2085 | D:3      | Noticed Natasha
  2089 | D:3      | Killed Natasha
  2260 | D:3      | Found a burning altar of Makhleb.
  2261 | D:3      | Found a shimmering altar of Xom.
  2271 | D:3      | Reached skill level 7 in Axes
  2325 | D:3      | Noticed Natasha
  2331 | D:3      | Killed Natasha
  2521 | D:4      | Gained mutation: You are mostly covered in sharp spines. [demonic ancestry]
  2521 | D:4      | Reached XP level 7. HP: 41/50 MP: 7/7
  2597 | D:4      | Found a staircase to the Ecumenical Temple.
  2709 | D:4      | Reached skill level 8 in Axes
  2885 | D:4      | Noticed Blork the orc
  2894 | D:4      | Killed Blork the orc
  2894 | D:4      | Reached skill level 1 in Armour
  3035 | D:4      | Found a sand-covered staircase.
  3041 | Ossuary  | Entered an ossuary
  3672 | D:4      | Reached XP level 8. HP: 47/57 MP: 8/8
  3929 | Temple   | Entered the Ecumenical Temple
  3943 | Temple   | Became a worshipper of Warmaster Okawaru
  4024 | D:5      | Entered Level 5 of the Dungeon
  4027 | D:5      | Identified Aqeoblav's Handbook of Feathery Evil
  4067 | D:5      | Reached skill level 9 in Axes
  4299 | D:5      | Noticed Duvessa
  4301 | D:5      | Noticed Dowan
  4309 | D:5      | Killed Duvessa
  4310 | D:5      | Killed Dowan
  4310 | D:5      | Reached * piety under Okawaru
  4821 | D:6      | Gained mutation: You have a somewhat thin skeletal structure (Dex +2, Stealth). [demonic ancestry]
  4821 | D:6      | Reached XP level 9. HP: 57/66 MP: 9/9
  5018 | D:6      | Reached skill level 5 in Fighting
  5024 | D:6      | Reached skill level 10 in Axes
  5066 | D:6      | Found a stormy altar of Qazlal.
  5146 | D:6      | Reached ** piety under Okawaru
  5245 | D:6      | Found a white marble altar of Elyvilon.
  5268 | D:7      | Found an oddly glowing altar of Pakellas.
  6038 | D:7      | Reached *** piety under Okawaru
  6051 | D:7      | Reached skill level 1 in Shields
  6051 | D:7      | Gained mutation: You have sharp toenails. [demonic ancestry]
  6051 | D:7      | Reached XP level 10. HP: 66/77 MP: 10/10
  6064 | D:7      | Quit the game

Skill      XL: |  1  2  3  4  5  6  7  8  9 |
---------------+----------------------------+-----
Axes           | 3 4 6 7 8 9 10 | 10.9
Armour         | 1 3 4 |  4.8
Fighting       | 4 6 |  6.6
Shields        | 1 |  1.0
Throwing       | |  1.7
Dodging        | |  2.6

Action                   |  1- 3 |  4- 6 |  7- 9 | 10-12 || total
-------------------------+-------+-------+-------+-------++-------
Melee: War axe           |    69 |    81 |   269 |     3 ||   422
Throw: Throwing net      |       |     2 |       |       ||     2
  Use: Scroll            |       |    10 |     7 |       ||    17
       Potion            |       |       |     4 |       ||     4
 Stab: Held in net/web   |       |     2 |       |       ||     2
       Sleeping          |       |       |     3 |       ||     3
  Eat: Chunk             |       |     5 |     8 |     1 ||    14
       Bread ration      |       |       |     1 |       ||     1
Armor: Leather armour    |    21 |    17 |    51 |       ||    89
Dodge: Dodged            |    40 |    44 |   129 |     1 ||   214
Block: Buckler           |       |       |     5 |     1 ||     6
